 Dungeon Crawl Stone Soup version 0.29.1-debian-1-gc3f1650bb9 (webtiles) character file.

Game seed: 8041457042218714793

140 riojii the Magician (level 5, 6/60 HPs)
             Began as a Djinni Air Elementalist on Sept 12, 2022.
             Quit the game on level 3 of the Dungeon.
             The game lasted 00:04:53 (2896 turns).

riojii the Magician (Djinni Air Elementalist)       Turns: 2896, Time: 00:04:54

Health: 6/60       AC: 22    Str:  7    XL:     5   Next: 46%
Gold:   79         EV:  2    Int: 18    God:
                   SH:  0    Dex: 14

rFire   . . .      SeeInvis .   (no weapon)
rCold   . . .      Faith    .   (no shield)
rNeg    . . .      Spirit   .   (body armour currently unavailable)
rPois   ∞          Reflect  .   (helmet currently unavailable)
rElec   .          Harm     .   (cloak currently unavailable)
rCorr   .          Rampage  .   (gloves currently unavailable)
Will    .....      NoTele   +   (boots unavailable)
Stlth   +.........              (no amulet)
HPRegen 0.20/turn               (no ring)
MPRegen 0.00/turn               (no ring)

@: confused, tree-form, attractive
A: stationary, stasis, torment immunity, boosted hp, sickness immunity, (fire
resistance 2), (cold vulnerability 1), float, innate caster, HP casting, extra
vitality 1
a: no special abilities


You were on level 3 of the Dungeon.
You were a tree.
You visited 1 branch of the dungeon, and saw 3 of its levels.

You collected 79 gold pieces.

Inventory:

Armour
 a - a +0 robe (melded)
 e - the +1 cloak "Juffumm" (melded) {+Inv Will+ Stlth+}
   (You acquired it on level 2 of the Dungeon)

   +Inv:      It lets you turn invisible.
   Will:      It increases your willpower.
   Stlth:     It makes you more stealthy.
Wands
 k - a wand of mindburst (17)
Scrolls
 i - a scroll of teleportation
Potions
 c - a potion of might
 d - a potion of lignification
 f - a potion of attraction
 g - 2 potions of curing {unknown}
 h - a potion of haste {unknown}
 j - 2 potions of brilliance {unknown}


   Skills:
 * Level 3.2 Fighting
 - Level 2.1 Dodging
 - Level 1.5 Stealth
 * Level 3.5 Spellcasting


You couldn't memorise any spells.
You knew the following spells:

 Your Spells              Type           Power      Damage    Failure   Level
a - Shock                 Conj/Air       64%        1d7       3%          1
b - Static Discharge      Conj/Air       32%        3-5/arc   5%          2
c - Swiftness             Air            16%        N/A       11%         3
d - Airstrike             Air            8%         2d(2-18)  34%         4
e - Apportation           Tloc           32%        N/A       3%          1
f - Scorch                Fire           32%        2d7       5%          2
Your spell library was empty.

Dungeon Overview and Level Annotations

Branches:
Dungeon (3/15)

Altars:


Innate Abilities, Weirdness & Mutations

You are a tree.
Your roots penetrate the ground, keeping you stationary.
You cannot be teleported.
You are immune to unholy pain and torment.
Your maximum health is greatly increased.
Your equipment is partially melded.
You are immune to sickness and miasma.
You are immune to poison.
((Your flesh is very heat resistant. (rF++)))
((You are vulnerable to cold. (rC-)))
You float through the air rather than walking.
You learn spells naturally, not from books.
Your magical power is your life essence.
You have superior vitality. (+4 MHP)


Message History

The zap hits something.
The zap hits the giant cockroach.
The giant cockroach is severely wounded.
* * * LOW HITPOINT WARNING * * *
Something hits you but does no damage. x2
Casting: Shock (safe; 3% risk of failure)
Confirm with . or Enter, or press ? or * to list all spells.
Aiming: Shock (safe; 3% risk of failure)
Press: ? - help, Shift-Dir - straight line, f/p - giant cockroach
Aim: a giant cockroach (severely wounded, 71% to hit)
The zap hits something but does no damage.
The zap hits the giant cockroach.
You kill the giant cockroach!
* * * LOW HITPOINT WARNING * * *
Something hits you but does no damage.
You hear some strange, mumbled words.
Something tries to affect you, but you resist.
Casting: Shock (safe; 3% risk of failure)
Confirm with . or Enter, or press ? or * to list all spells.
You can't see any susceptible monsters within range! (Use Z to cast anyway.)
Casting: Shock (safe; 3% risk of failure)
Confirm with . or Enter, or press ? or * to list all spells.
Aiming: Shock (safe; 3% risk of failure)
Press: ? - help, Shift-Dir - straight line That beam is likely to hit you.
Continue anyway?
Okay, then.
Casting: Shock (safe; 3% risk of failure)
Confirm with . or Enter, or press ? or * to list all spells.
You can't see any susceptible monsters within range! (Use Z to cast anyway.)
Casting: Shock (safe; 3% risk of failure)
Confirm with . or Enter, or press ? or * to list all spells.
Okay, then.
You cannot teleport because you are held in place by your roots.
It was a potion of attraction.
You feel attractive to monsters.
You hear some strange, mumbled words.
You are confused.
Something hits you.
* * * LOW HITPOINT WARNING * * *
Unknown command.
Are you sure you want to abandon this character and quit the game? (Confirm with "yes".)

#......).......<)##.## #
#...###########..#...####
#.#####<..# #..........
...).....# #.##...###.
#####...(.## ##.###.## #.
...........# ##...##.# ##
.....†...†##########.###.#.#
### ...............{.))).#
#...###..
######.....†..♣.###.###.#......
#.########.# ##...###.#.##
########.# #.# ##.## #.##.#
.o).)....# #.#####.# #.#.##
########## #.......# #.##.#
######### #..... ######


There were no monsters in sight!

Vanquished Creatures
  An orc wizard (D:3)
  5 gnolls (D:3)
  An adder (D:3)
  A worm (D:3)
  A dart slug (D:2)
  2 orcs (D:3)
  2 endoplasms
  3 giant cockroaches
  4 goblins
  5 hobgoblins
  3 jackals (D:1)
  4 kobolds
  2 quokkas
  3 ball pythons
  6 bats
  4 frilled lizards
  7 rats
54 creatures vanquished.

Vanquished Creatures (others)
  A plant (D:2)
1 creature vanquished.

Grand Total: 55 creatures vanquished

Notes
Turn   | Place    | Note
-------+----------+-------------------------------------------
     0 | D:1      | riojii the Djinni Air Elementalist began the quest for the
                  | Orb.
     0 | D:1      | riojii set off with the following spells memorised: Shock,
                  | Static Discharge, Swiftness, Airstrike.
     0 | D:1      | Reached XP level 1. HP: 15/15 MP: 0/0
   335 | D:1      | Reached XP level 2. HP: 18/22 MP: 0/0
   389 | D:1      | Reached skill level 1 in Fighting
   920 | D:1      | Reached XP level 3. HP: 25/27 MP: 0/0
   920 | D:1      | Learned a level 1 spell: Apportation
  1322 | D:1      | Found a faded altar of an unknown god.
  2350 | D:2      | Identified a scroll of acquirement
  2350 | D:2      | Acquired the +1 cloak "Juffumm" {+Inv Will+ Stlth+}
  2486 | D:3      | Reached XP level 4. HP: 11/33 MP: 0/0
  2722 | D:3      | Reached XP level 5. HP: 34/39 MP: 0/0
  2722 | D:3      | Learned a level 2 spell: Scorch
  2896 | D:3      | Quit the game

Illustrated notes

Levels and vault maps discovered:
D:1:      nicolae_arrival_somewhat_less_tricky_arrival, layout_basic,
          basic_ecumenical_altar
D:2:      layout_basic, serial_bayou_pond_c, minmay_fractal_squares_gapless_5
D:3:      layout_loops_ring, hex_tiny, minmay_misc_feat_tiny

Skill      XL: |  1  2  3  4  5 |
---------------+----------------+-----
Fighting       | 1 2 3 |  3.2
Spellcasting   | 3 |  3.5
Dodging        | |  2.1
Stealth        | |  1.5

Action                   |  1- 3 |  4- 6 || total
-------------------------+-------+-------++-------
Melee: Unarmed           |       |     4 ||     4
 Cast: Shock             |    89 |    44 ||   133
       Scorch            |       |     2 ||     2
  Use: Scroll            |     5 |       ||     5
       Potion            |       |     3 ||     3
Armor: Robe              |     6 |       ||     6
       Skin              |       |     7 ||     7
Dodge: Dodged            |     8 |     4 ||    12
